Map: Abiogenesis LE

Players

ANGELNEX - Winner!

  • Race: Protoss Protoss
  • League: Diamond
  • Spawn Location: 5:00

Plasmid

  • Race: Zerg Zerg
  • League: Diamond
  • Spawn Location: 11:00

VOD

Have the link to the VOD?

Description

Time

  • Played on: March 10, 2018, 4:39 p.m.
  • Length: 12:31
Show
View Real Time Build Order
Export as new Build Order

ANGELNEX Protoss - Winner!

Build Orders: 1 Gate Expand 

Get SALT Encoding   

  12  0:01  Probe  
  13  0:13  Probe  
  14  0:19  Pylon  
  14  0:25  Probe  
  15  0:37  Probe (Chrono Boost)  
  15  0:39  Gateway  
  16  0:45  Assimilator  
  16  0:49  Probe (Chrono Boost)  
  18  0:57  Probe (Chrono Boost)  
  18  1:03  Probe  
  19  1:16  Probe  
  20  1:32  Cybernetics Core  
  20  1:40  Nexus  
  20  1:47  Zealot (Chrono Boost)  
  22  2:03  Pylon  
  22  2:08  Warp Gate  
  22  2:14  Twilight Council  
  21  2:17  Adept (Chrono Boost)  
  23  2:24  Assimilator  
  23  2:29  Probe  
  24  2:36  Adept  
  24  2:43  Pylon  
  26  2:49  Probe  
  27  2:54  Probe  
  28  3:01  Probe  
  29  3:06  Probe  
  29  3:10  Shield Battery  
  31  3:23  Probe x2 (Chrono Boost)  
  32  3:29  Probe (Chrono Boost)  
  32  3:31  Probe (Chrono Boost)  
  34  3:37  Probe  
  35  3:44  Probe  
  35  3:47  Robotics Facility  
  36  3:49  Gateway  
  36  3:57  Shield Battery  
  36  4:05  Probe (Chrono Boost)  
  36  4:06  Probe (Chrono Boost)  
  38  4:14  Shield Battery  
  38  4:17  Stalker  
  38  4:22  Probe (Chrono Boost)  
  38  4:23  Pylon  
  41  4:29  Gateway  
  41  4:32  Pylon  
  41  4:35  Immortal (Chrono Boost)  
  43  4:57  Zealot x2  
  45  5:20  Zealot  
  45  5:21  Zealot  
  47  5:23  Immortal (Chrono Boost)  
  43  5:42  Zealot  
  43  6:13  Pylon  
  43  6:16  Pylon  
  43  6:17  Pylon  
  43  6:19  Pylon  
  43  6:21  Immortal  
  43  6:25  Gateway  
  45  6:27  Gateway  
  45  6:30  Gateway  
  43  6:37  Pylon  
  29  6:55  Zealot x2  
  33  7:06  Immortal  
  33  7:23  Zealot x2  
  33  7:52  Probe  
  34  8:03  Zealot x2  
  34  8:04  Zealot x3  
  40  8:13  Immortal (Chrono Boost)  
  40  8:35  Cybernetics Core  
  40  8:42  Nexus  
  40  8:43  Pylon  
  44  8:49  Immortal (Chrono Boost)  
  44  8:53  Zealot x2  
  44  8:54  Zealot x3  
  54  9:06  Probe  
  55  9:18  Zealot x2  
  55  9:19  Zealot  
  41  10:15  Stalker x2  
  41  10:16  Stalker x2  
  41  10:17  Stalker  
  51  10:40  Sentry x5  
  61  10:53  Probe x2  
  63  11:01  Immortal (Chrono Boost)  
  67  11:06  Sentry x2  
  71  11:11  Sentry  
  71  11:13  Sentry  
  71  11:16  Sentry  
  77  11:20  Probe  
  77  11:21  Probe  
  79  11:33  Probe x2  
  67  12:21  Stalker  
  67  12:22  Stalker x4  
Show
View Real Time Build Order
Export as new Build Order

Plasmid Zerg 

Build Orders: Pool First, Ravager All-In 

Get SALT Encoding   

  12  0:01  Drone  
  13  0:09  Drone  
  14  0:15  Extractor  
  13  0:29  Spawning Pool  
  13  0:33  Drone  
  13  0:41  Overlord  
  13  0:52  Drone  
  14  1:00  Drone x2  
  16  1:09  Drone  
  17  1:17  Zergling x2, Queen  
  20  1:30  Roach Warren  
  20  1:32  Extractor  
  18  1:34  Drone  
  18  1:38  Drone  
  20  1:51  Drone  
  21  1:59  Drone  
  22  2:11  Overlord  
  22  2:31  Roach  
  22  2:32  Roach  
  26  2:37  Drone  
  26  2:40  Hatchery  
  26  2:42  Drone  
  26  2:50  Overlord  
  26  3:04  Roach x2  
  30  3:10  Roach  
  32  3:17  Roach  
  34  3:21  Roach  
  36  3:28  Roach  
  36  3:32  Overlord  
  38  3:48  Overlord  
  38  3:52  Ravager x5  
  38  3:53  Ravager  
  44  4:04  Zergling x6  
  47  4:14  Zergling x4  
  47  4:15  Zergling x2  
  50  4:19  Ravager  
  50  4:20  Ravager  
  54  4:31  Roach x2  
  50  5:21  Ravager  
  51  5:22  Roach x4  
  51  5:53  Roach x2  
  51  5:54  Roach x2  
  53  6:04  Zergling x6  
  53  6:05  Zergling x4  
  53  6:07  Ravager  
  53  6:10  Zergling x2  
  45  6:56  Roach  
  45  6:57  Roach x6  
  59  7:07  Drone  
  59  7:08  Overlord x2  
  60  7:14  Queen  
  59  7:19  Metabolic Boost  
  59  7:21  Drone x3  
  45  7:53  Zergling x10  
  45  7:54  Zergling x4  
  47  8:01  Roach  
  49  8:07  Ravager x5  
  49  8:08  Ravager  
  49  8:09  Lair  
  49  8:10  Drone x2  
  49  8:11  Drone x2  
  53  8:30  Roach x4  
  49  8:40  Roach x4  
  57  8:53  Roach x3  
  63  8:56  Drone  
  63  8:57  Drone  
  65  9:10  Overseer  
  61  9:17  Roach x3  
  61  9:20  Zergling x4  
  65  9:38  Roach  
  65  9:39  Roach x4  
  49  10:04  Zergling x2  
  49  10:05  Zergling x10  
  49  10:06  Zergling x8  
  48  10:19  Drone x2  
  48  10:30  Glial Reconstitution  
  48  10:45  Hatchery  
  48  10:46  Roach x3  
  53  11:00  Roach x2  
  53  11:01  Roach x2  
  61  11:04  Drone  
  61  11:06  Drone  
  63  11:13  Overseer  
  63  11:14  Overlord  
  63  11:20  Drone x2  
  65  11:25  Overlord  
  65  11:31  Evolution Chamber  
  64  11:34  Evolution Chamber  
  63  11:47  Roach x5  
  49  12:02  Zergling x2  
  49  12:03  Zergling x12  
  52  12:13  Zergling x2  
  52  12:14  Zergling x4  
Tags
 
Add a new tag
Caveats
  • Supply blocks, unpowered buildings, or Contaminate may cause inaccurate times.
  • Supply counts are checked every 10 seconds.